Map: Ice and Chrome LE

Players

Van (Vanya)

  • Race: Zerg Zerg
  • League: Master
  • Spawn Location: 7:00

HellraiseR - Winner!

  • Race: Protoss Protoss
  • League: Grandmaster
  • Spawn Location: 1:00

Event: DreamHack SC2 Masters 2020 Fall

VOD

Have the link to the VOD?

Description

Time

  • Played on: Sept. 5, 2020, 11:10 a.m.
  • Length: 9:41

All games in this series

Show
View Real Time Build Order
Export as new Build Order

Van Zerg 

Build Orders: Pool First 

Get SALT Encoding   

  12  0:16  Spawning Pool  
  11  0:21  Drone  
  11  0:26  Drone  
  13  0:31  Drone  
  14  0:39  Overlord  
  14  1:03  Zergling x4  
  16  1:05  Zergling x2  
  17  1:14  Queen  
  17  1:15  Zergling x2  
  20  1:28  Zergling x2  
  21  1:33  Hatchery  
  21  1:38  Zergling x2  
  21  1:47  Overlord  
  21  2:05  Drone  
  22  2:11  Drone  
  22  2:15  Queen  
  23  2:32  Drone  
  23  2:33  Drone  
  23  2:34  Drone  
  23  2:39  Drone  
  23  2:40  Extractor  
  23  2:45  Drone  
  23  2:46  Queen  
  23  2:51  Drone  
  27  2:57  Zergling x4  
  29  3:08  Zergling x2  
  29  3:10  Drone  
  31  3:16  Overlord  
  31  3:17  Drone x3  
  34  3:29  Drone  
  34  3:30  Overlord  
  34  3:31  Drone  
  35  3:35  Drone x3  
  35  3:41  Spore Crawler  
  35  3:43  Drone  
  35  3:51  Spore Crawler  
  35  3:53  Metabolic Boost, Spore Crawler  
  35  3:55  Drone  
  33  3:58  Drone  
  35  4:04  Drone x4  
  41  4:17  Zergling x4  
  41  4:22  Hatchery  
  42  4:24  Zergling x4  
  42  4:29  Queen  
  45  4:35  Drone x2  
  45  4:37  Evolution Chamber  
  46  4:41  Overlord  
  46  4:45  Drone x2  
  48  4:46  Zergling x4  
  50  4:53  Zergling x4  
  50  4:59  Overlord  
  52  5:05  Zerg Melee Weapons Level 1  
  52  5:10  Drone x7  
  52  5:14  Extractor  
  58  5:17  Baneling Nest  
  57  5:22  Zergling x8  
  61  5:28  Zergling x2  
  61  5:29  Zergling x2  
  61  5:34  Overlord  
  63  5:38  Zergling x10  
  68  5:44  Zergling x4  
  68  5:45  Zergling x2  
  57  5:57  Zergling x2  
  57  5:58  Zergling x6  
  57  6:04  Zergling x4  
  52  6:10  Zergling x10  
  43  6:19  Zergling x4  
  43  6:24  Zergling x2  
  46  6:30  Drone x2  
  48  6:39  Baneling x5  
  48  6:43  Zergling x2  
  49  6:48  Drone  
  49  6:49  Drone x2  
  49  6:53  Zergling x4  
  54  6:55  Baneling  
  54  6:56  Baneling  
  54  7:00  Zergling x6  
  56  7:14  Zergling x14  
  56  7:21  Drone x4  
  56  7:26  Drone x3  
  56  7:29  Drone  
  60  7:30  Drone  
  60  7:35  Drone x2  
  63  7:37  Baneling x2  
  63  7:39  Drone  
  63  7:42  Drone  
  63  7:43  Drone  
  66  7:45  Drone  
  65  7:52  Drone  
  65  7:54  Drone x5  
  67  7:59  Drone x2  
  67  8:05  Spore Crawler  
  67  8:06  Spore Crawler x2  
  67  8:09  Drone x4  
  68  8:13  Drone x2  
  68  8:19  Spore Crawler  
  69  8:23  Drone x6  
  73  8:28  Lair  
  73  8:32  Drone x2  
  73  8:33  Drone  
  73  8:34  Drone  
  69  8:35  Drone  
  69  8:40  Drone x3  
  74  8:41  Drone  
  74  8:42  Drone  
  74  8:47  Overlord  
  68  8:56  Drone x2  
  68  8:57  Drone x5  
  68  9:00  Extractor x2  
  68  9:01  Extractor  
  68  9:02  Extractor  
  68  9:05  Queen x2  
  71  9:11  Zergling x8  
  71  9:12  Spore Crawler  
  74  9:17  Zergling x12  
  79  9:28  Spore Crawler  
  79  9:29  Hydralisk Den  
Show
View Real Time Build Order
Export as new Build Order

HellraiseR Protoss - Winner!

Build Orders: Mass Adepts 

Get SALT Encoding   

  12  0:00  Probe  
  13  0:12  Probe  
  14  0:20  Pylon  
  14  0:24  Probe  
  15  0:39  Gateway, Probe (Chrono Boost)  
  16  0:46  Probe (Chrono Boost)  
  16  0:47  Assimilator  
  17  0:53  Probe  
  18  1:05  Probe  
  18  1:11  Pylon  
  19  1:17  Probe  
  20  1:25  Gateway  
  20  1:27  Zealot (Chrono Boost)  
  20  1:29  Cybernetics Core  
  21  1:33  Pylon  
  21  1:46  Zealot  
  21  1:51  Probe  
  24  2:05  Warp Gate  
  24  2:11  Adept (Chrono Boost)  
  24  2:12  Pylon  
  28  2:22  Adept (Chrono Boost)  
  28  2:25  Probe  
  29  2:36  Adept  
  27  2:41  Nexus  
  28  2:47  Stalker  
  29  2:52  Probe  
  30  3:02  Gateway  
  30  3:04  Probe  
  31  3:08  Assimilator  
  31  3:16  Probe  
  32  3:22  Twilight Council  
  32  3:28  Probe  
  33  3:40  Probe  
  32  3:53  Probe (Chrono Boost)  
  32  3:54  Probe (Chrono Boost)  
  32  3:57  Adept x3  
  32  4:01  Resonating Glaives (Chrono Boost)  
  36  4:05  Probe (Chrono Boost)  
  36  4:06  Probe (Chrono Boost)  
  38  4:11  Probe x2 (Chrono Boost)  
  40  4:19  Probe  
  42  4:26  Adept x2  
  42  4:28  Adept  
  42  4:31  Probe  
  49  4:32  Probe  
  49  4:35  Pylon  
  49  4:43  Probe  
  51  4:47  Pylon  
  51  4:53  Pylon  
  51  4:55  Probe  
  51  4:56  Adept x2  
  51  4:58  Adept  
  57  5:00  Probe  
  58  5:07  Probe  
  58  5:11  Pylon  
  58  5:12  Probe  
  60  5:17  Adept x2  
  60  5:18  Adept  
  66  5:23  Assimilator  
  66  5:26  Assimilator  
  67  5:29  Probe (Chrono Boost)  
  67  5:31  Probe (Chrono Boost)  
  68  5:40  Stargate  
  68  5:42  Stargate, Probe (Chrono Boost)  
  70  5:44  Probe (Chrono Boost)  
  70  5:46  Probe (Chrono Boost)  
  71  5:52  Probe  
  70  5:57  Probe  
  70  5:58  Adept x2  
  71  6:04  Probe  
  71  6:09  Probe  
  71  6:12  Adept  
  71  6:16  Probe  
  72  6:26  Phoenix (Chrono Boost)  
  72  6:30  Adept x2  
  78  6:34  Phoenix (Chrono Boost)  
  78  6:35  Pylon  
  78  6:36  Pylon  
  78  6:48  Pylon  
  78  6:52  Protoss Air Weapons Level 1  
  78  6:53  Phoenix (Chrono Boost)  
  84  6:56  Nexus  
  84  6:59  Adept x2  
  84  7:00  Phoenix (Chrono Boost)  
  86  7:13  Phoenix (Chrono Boost)  
  76  7:16  Probe  
  76  7:22  Adept x2  
  73  7:25  Phoenix (Chrono Boost)  
  73  7:29  Shield Battery  
  73  7:33  Zealot  
  73  7:35  Shield Battery  
  77  7:43  Forge  
  79  7:45  Adept  
  80  7:53  Oracle (Chrono Boost)  
  80  7:54  Adept x2  
  80  7:55  Pylon  
  80  7:56  Gateway  
  80  7:57  Void Ray (Chrono Boost)  
  80  8:01  Pylon  
  82  8:07  Probe  
  82  8:10  Gateway  
  82  8:12  Adept, Pylon  
  85  8:15  Pylon  
  84  8:37  Phoenix (Chrono Boost)  
  88  8:41  Adept x3  
  88  8:45  Phoenix (Chrono Boost), Pylon  
  94  8:53  Nexus  
  94  8:54  Pylon  
  94  8:55  Probe x2  
  91  8:58  Phoenix (Chrono Boost)  
  92  9:07  Phoenix (Chrono Boost), Adept x3  
  100  9:12  Adept  
  100  9:13  Adept  
  104  9:21  Phoenix (Chrono Boost)  

Tags
 
Add a new tag
Caveats
  • Supply blocks, unpowered buildings, or Contaminate may cause inaccurate times.
  • Supply counts are checked every 10 seconds.